 Dungeon Crawl Stone Soup version 0.29.1-15-g9cfb28693d (webtiles) character file.

Game seed: 17478958575420070045

35 Descartes the Ducker (level 3, -5/19 HPs)
             Began as a Spriggan Chaos Knight on Mar 13, 2023.
             Was a Plaything of Xom.
             Killed by divine providence
             ... invoked by an orc priest
              (15 damage)
             ... on level 2 of the Dungeon.
             The game lasted 00:01:42 (902 turns).

Descartes the Ducker (Spriggan Chaos Knight)         Turns: 902, Time: 00:01:43

Health: -5/19      AC:  4    Str: 10    XL:     3   Next: 16%
Magic:  4/4        EV: 18    Int: 13    God:    Xom [..*...]
Gold:   20         SH:  0    Dex: 14    Spells: 2/2 levels left

rFire   . . .      SeeInvis +   a - +0 short sword (chaos)
rCold   . . .      Faith    .   (no shield)
rNeg    . . .      Spirit   .   b - +2 robe
rPois   .          Reflect  .   (helmet restricted)
rElec   .          Harm     .   (no cloak)
rCorr   .          Rampage  .   (gloves unavailable)
Will    .....                   (boots unavailable)
Stlth   ++........              (no amulet)
HPRegen 0.06/turn               (no ring)
MPRegen 0.09/turn               (no ring)

@: very quick
A: very small, no large weapons, unfitting armour, see invisible, speed 3
a: Renounce Religion


You were on level 2 of the Dungeon.
You worshipped Xom.
You were a toy of Xom.
You visited 1 branch of the dungeon, and saw 2 of its levels.

You collected 20 gold pieces.

Inventory:

Hand Weapons
 a - a +0 short sword of chaos (weapon)
 g - a +1 dagger of venom
Missiles
 k - a throwing net
Armour
 b - a +2 robe (worn)
Jewellery
 i - a ring of fire
Scrolls
 e - a scroll of identify {unknown}
 f - 5 scrolls of enchant armour {unknown}
 j - a scroll of summoning {unknown}
 l - a scroll of fog {unknown}
 m - a scroll of noise {unknown}
 n - a scroll of vulnerability {unknown}
Potions
 d - 3 potions of curing {unknown}
 h - a potion of invisibility {unknown}
Miscellaneous
 c - a piece from Xom's chessboard (15/15) (quivered)


   Skills:
 + Level 2.6 Fighting
 + Level 3.6 Short Blades
 + Level 3.7 Dodging
 * Level 2.7 Stealth


You had 2 spell levels left.
You didn't know any spells.
Your spell library contained the following spells:

 Spells                   Type           Power      Damage    Failure   Level
 Inner Flame              Hex/Fire       0%         N/A       67%         3
 Cause Fear               Hex            0%         N/A       97%         4
 Discord                  Hex            0%         N/A       100%        8


Dungeon Overview and Level Annotations

Branches:
Dungeon (2/15)

Altars:


Innate Abilities, Weirdness & Mutations

You are very small and have problems with some larger weapons.
You are too small for most types of armour.
You have supernaturally acute eyesight. (SInv)
You cover ground extremely quickly. (Speed+++)


Message History

The orc priest hits you with a +0 club.
You barely miss the orc priest.
The orc priest is moderately wounded.
The orc closely misses you.
The orc priest hits you but does no damage.
You closely miss the orc priest.
The orc priest is moderately wounded. "This might be better!"
The orc evaporates and reforms as an endoplasm!
You are now a toy of Xom.
The orc barely misses you. The orc priest hits you with a +0 club.
You closely miss the orc priest.
The orc priest is moderately wounded.
The orc misses you. The orc priest barely misses you.
You hit the orc priest but do no damage.
The orc priest is moderately wounded.
The orc priest blinks!
You hit the orc.
The orc is poisoned.
The orc is moderately wounded.
The orc hits you with a +0 hand axe. The endoplasm hits you.
You hit the orc. You freeze the orc.
The orc is almost dead.
You kill the orc!
The endoplasm barely misses you.
You hit the endoplasm.
Lightning courses through the endoplasm!
You kill the endoplasm!
The orc returns to its original shape as it dies.
An orc comes into view. It is wielding a +0 hand axe.
The orc priest barely misses you.
You hit the orc priest but do no damage.
The orc priest is moderately wounded.
The orc priest hits you with a +0 club.
You closely miss the orc priest.
The orc priest is moderately wounded.
The orc priest invokes the aid of Beogh against you.
Beogh smites you!
Ouch! That really hurt!
You die...
Xom howls with laughter!

#.#.#.#
#.........#
#...#.#
#..#.#.#.###
#...
#..........#
###
#.#..#.###.#
..#.##.# #.#
#.##.###.#
o.#.....##.#
......†....#
#.).).@o.#
###...##.#
#>....)..
#..###<###
#.. #.# #..
#.# #.. .#
...


You could see an orc priest (agile).

Vanquished Creatures
  An adder (D:2)
  A dart slug (D:1)
  An orc (D:2)
  2 ball pythons (D:1)
  2 bats
  3 endoplasms
  5 goblins (D:1)
  4 kobolds
19 creatures vanquished.

Notes
Turn   | Place    | Note
-------+----------+-------------------------------------------
     0 | D:1      | Descartes the Spriggan Chaos Knight began the quest for the
                  | Orb.
     0 | D:1      | Reached XP level 1. HP: 11/11 MP: 2/2
   194 | D:1      | Reached skill level 1 in Stealth
   294 | D:1      | Reached XP level 2. HP: 16/16 MP: 3/3
   360 | D:1      | XOM: silly message
   464 | D:1      | XOM: smoke on damage
   735 | D:2      | XOM: silly message
   763 | D:2      | Reached XP level 3. HP: 16/19 MP: 4/4
   894 | D:2      | XOM: polymorph orc -> endoplasm
   902 | D:2      | Killed from afar by an orc priest

Illustrated notes

Levels and vault maps discovered:
D:1:      minmay_arrival_semitransparent, layout_basic
D:2:      layout_loops_corners, serial_co_window_serial, co_window_paths_b,
          co_window_of_opportunity_a, co_window_paths_a,
          co_window_of_opportunity_a, co_window_of_opportunity_a,
          co_window_cross_1, co_window_of_opportunity_a, co_window_corner_ca,
          co_window_corner_b, co_window_corner_cb, co_window_corner_ca,
          glass_columns_b, glass_columns_b, glass_columns_a, glass_columns_a,
          shapermc_ecumenical_altar_rom_forum, mrwooster_statue_mirror

Skill      XL: |  1  2 |
---------------+-------+-----
Stealth        | 1 2 |  2.7
Fighting       | |  2.6
Short Blades   | |  3.6
Dodging        | |  3.7

Action                   || total
-------------------------++-------
Melee: Short sword       ||    68
       Punch             ||     2
 Stab: Sleeping          ||     2
Armor: Robe              ||     6
Dodge: Dodged            ||    47
